Map: Pillars of Gold LE

Players

Geralt (Gerald) - Winner!

  • Race: Protoss Protoss
  • League: Grandmaster
  • Spawn Location: 7:00

soul

  • Race: Terran Terran
  • League: Grandmaster
  • Spawn Location: 1:00

Event: DreamHack SC2 Masters 2020 Winter

VOD

Have the link to the VOD?

Description

Time

  • Played on: Nov. 4, 2020, 2:48 p.m.
  • Length: 11:56

All games in this series

Show
View Real Time Build Order
Export as new Build Order

Geralt Protoss - Winner!

Build Orders: 1 Gate Expand, Blink Stalkers 

Get SALT Encoding   

  12  0:00  Probe  
  13  0:12  Probe  
  14  0:18  Pylon  
  14  0:25  Probe (Chrono Boost)  
  15  0:38  Probe (Chrono Boost)  
  15  0:39  Gateway  
  16  0:43  Probe (Chrono Boost)  
  16  0:49  Assimilator  
  17  0:52  Probe  
  19  1:04  Probe  
  19  1:16  Probe  
  20  1:25  Cybernetics Core  
  20  1:36  Nexus  
  20  1:43  Pylon  
  20  1:45  Probe  
  21  1:57  Assimilator  
  21  1:58  Probe  
  21  2:01  Adept (Chrono Boost)  
  22  2:05  Warp Gate  
  24  2:10  Probe  
  25  2:21  Adept (Chrono Boost)  
  25  2:22  Probe  
  28  2:32  Twilight Council  
  28  2:39  Probe  
  28  2:43  Adept  
  31  2:49  Probe  
  31  2:51  Probe  
  32  3:01  Probe  
  32  3:03  Probe, Blink (Chrono Boost)  
  34  3:13  Probe  
  34  3:15  Probe  
  36  3:20  Stalker  
  36  3:25  Probe  
  39  3:27  Probe  
  39  3:28  Gateway  
  40  3:37  Probe, Gateway  
  40  3:40  Probe  
  42  3:46  Robotics Facility  
  42  3:50  Probe  
  40  4:02  Probe  
  40  4:05  Probe  
  40  4:06  Stalker  
  40  4:09  Assimilator  
  41  4:11  Pylon  
  41  4:15  Probe  
  41  4:17  Probe  
  43  4:22  Stalker  
  43  4:23  Pylon  
  45  4:27  Probe  
  45  4:30  Stalker  
  48  4:32  Probe  
  48  4:33  Observer (Chrono Boost)  
  48  4:34  Stalker  
  52  4:44  Nexus  
  52  4:46  Probe  
  53  4:53  Probe  
  53  4:54  Pylon  
  53  4:56  Observer (Chrono Boost)  
  55  5:02  Forge  
  55  5:06  Stalker x2  
  59  5:08  Stalker  
  59  5:11  Probe  
  62  5:16  Charge  
  62  5:17  Probe  
  63  5:26  Gateway  
  63  5:27  Probe, Gateway  
  64  5:31  Observer (Chrono Boost)  
  64  5:32  Probe  
  66  5:38  Pylon  
  66  5:40  Probe  
  67  5:42  Observer  
  67  5:44  Probe  
  68  5:50  Protoss Ground Armor Level 1  
  68  5:52  Probe  
  68  5:56  Probe  
  70  5:58  Zealot x3  
  70  5:59  Shield Battery  
  70  6:04  Probe  
  74  6:13  Probe x2  
  71  6:26  Stalker x2  
  71  6:32  Zealot x3  
  81  6:34  Probe x2  
  83  6:44  Probe  
  83  6:46  Probe  
  85  6:47  Templar Archives  
  85  6:50  Probe  
  86  6:55  Shield Battery  
  86  6:56  Probe, Pylon  
  86  6:57  Zealot x2  
  86  6:58  Probe  
  92  7:02  Probe  
  93  7:13  Pylon  
  93  7:14  Pylon  
  93  7:19  Gateway  
  93  7:21  Gateway  
  93  7:22  Zealot x3  
  93  7:25  Gateway  
  95  7:36  Zealot x2  
  99  7:37  Immortal  
  99  7:38  Probe x2  
  105  7:49  Zealot x2  
  105  7:56  Gateway  
  105  8:02  Zealot x2  
  91  8:07  Psionic Storm  
  91  8:10  Zealot x2  
  89  8:13  Zealot  
  89  8:17  Probe, High Templar  
  94  8:25  Zealot, High Templar  
  94  8:26  Probe x2, Zealot  
  94  8:27  Warp Prism  
  102  8:30  Photon Cannon  
  104  8:42  Probe  
  104  8:45  Gateway, Observer  
  104  8:46  Gateway, High Templar x2  
  104  8:47  Cybernetics Core  
  109  8:53  Protoss Ground Weapons Level 1 (Chrono Boost)  
  109  8:55  Assimilator  
  109  8:58  Pylon  
  109  8:59  Assimilator  
  109  9:00  Pylon, Observer  
  109  9:03  Pylon  
  109  9:15  Nexus  
  109  9:16  Probe x3, Pylon  
  112  9:23  Zealot x2  
  114  9:28  Probe x2  
  114  9:30  Zealot x4  
  122  9:41  Zealot  
  122  9:42  Zealot x3  
  112  10:00  Zealot x3, High Templar x2  
  112  10:01  Zealot  
  112  10:06  Archon  
  124  10:13  Photon Cannon  
  122  10:15  Probe  
  122  10:16  Zealot x2  
  122  10:18  Probe  
  122  10:19  Photon Cannon  
  128  10:21  Zealot x2  
  132  10:40  Stalker  
  132  10:41  Probe  
  132  10:43  Immortal  
  130  10:56  Zealot x7  
  130  10:57  Zealot x2  
  106  11:15  Stalker  
  106  11:16  Archon  
  102  11:22  Stalker, Archon  
  102  11:23  Stalker x8  
  110  11:43  Zealot  
  110  11:46  Zealot x7  
Show
View Real Time Build Order
Export as new Build Order

soul Terran 

Build Orders: Banshee Rush 

Get SALT Encoding   

  12  0:00  SCV  
  13  0:13  SCV  
  14  0:18  Supply Depot  
  14  0:25  SCV  
  15  0:39  SCV  
  15  0:41  Barracks  
  16  0:46  Refinery  
  16  0:51  SCV  
  17  1:03  SCV  
  18  1:15  SCV  
  19  1:27  Marine  
  19  1:28  Orbital Command  
  20  1:45  Reaper  
  21  1:50  Command Center  
  21  1:53  SCV  
  22  1:59  Supply Depot  
  22  2:05  SCV  
  23  2:13  Factory  
  23  2:20  SCV  
  24  2:24  Bunker  
  24  2:25  Barracks Reactor  
  24  2:27  Refinery  
  24  2:32  SCV  
  25  2:44  SCV  
  26  2:57  SCV  
  26  2:58  Hellion  
  29  3:03  Starport  
  29  3:05  Orbital Command, Marine  
  29  3:07  Marine  
  29  3:09  SCV  
  32  3:19  Factory Tech Lab  
  31  3:21  SCV  
  31  3:23  Marine  
  31  3:25  Marine  
  34  3:31  SCV  
  34  3:33  SCV  
  36  3:43  SCV  
  36  3:45  SCV, Banshee, Factory Tech Lab  
  36  3:47  Supply Depot, Cloaking Field  
  39  3:58  Marine  
  38  4:03  SCV  
  38  4:05  Siege Tank  
  38  4:07  Barracks  
  38  4:08  Supply Depot  
  42  4:10  SCV  
  42  4:11  Marine  
  42  4:15  SCV  
  44  4:22  SCV  
  45  4:25  Supply Depot, Marine  
  45  4:27  SCV  
  45  4:29  Marine  
  45  4:31  Banshee  
  48  4:34  SCV  
  52  4:39  SCV  
  52  4:41  Barracks  
  52  4:44  Engineering Bay  
  53  4:47  SCV  
  53  4:51  SCV  
  55  4:54  Refinery  
  55  4:57  Marine x2  
  55  4:59  SCV  
  58  5:01  Marauder  
  58  5:03  Stimpack  
  58  5:05  SCV  
  61  5:11  Supply Depot  
  61  5:12  Terran Infantry Weapons Level 1  
  61  5:13  SCV  
  61  5:20  SCV  
  62  5:23  Missile Turret, Marine  
  62  5:24  Refinery, Marauder  
  62  5:27  SCV, Starport Reactor  
  66  5:32  SCV  
  66  5:33  Supply Depot  
  66  5:34  Marauder  
  69  5:35  Combat Shield  
  69  5:40  SCV, Marine  
  71  5:44  SCV  
  71  5:45  Marine  
  71  5:46  Marauder  
  75  5:56  Marauder  
  78  5:58  Marine  
  78  5:59  Supply Depot  
  78  6:01  Supply Depot  
  78  6:02  Medivac  
  80  6:04  Medivac  
  80  6:05  Marine  
  80  6:06  Marine  
  84  6:14  SCV  
  84  6:16  Marine  
  86  6:21  Marauder  
  86  6:23  Marine  
  86  6:24  Supply Depot  
  86  6:25  Supply Depot, Marauder  
  88  6:27  Widow Mine  
  88  6:32  Medivac  
  89  6:36  Medivac  
  89  6:37  Marine  
  92  6:42  Marauder, Marine  
  92  6:44  Concussive Shells  
  95  6:50  Factory Reactor  
  95  6:52  Command Center  
  95  6:53  SCV x2  
  95  6:54  Marine  
  97  6:58  Marine  
  97  6:59  Supply Depot  
  99  7:04  Medivac  
  102  7:08  Marine  
  102  7:09  Marauder  
  102  7:13  Marine  
  102  7:15  Barracks  
  105  7:17  Barracks  
  105  7:18  Marine  
  106  7:26  Marine  
  107  7:30  Marauder  
  107  7:32  Marauder  
  107  7:33  SCV, Medivac  
  107  7:36  Marine  
  107  7:37  SCV, Widow Mine x2  
  116  7:41  Medivac  
  117  7:44  Marine  
  117  7:46  SCV  
  111  7:52  Marauder  
  111  7:53  Marauder  
  111  7:54  Marine  
  111  7:55  Supply Depot  
  111  7:56  SCV  
  117  8:02  SCV, Marine  
  117  8:04  Medivac  
  110  8:12  Marine  
  107  8:14  Marauder  
  107  8:16  Medivac  
  107  8:19  Widow Mine  
  113  8:22  Orbital Command  
  113  8:23  Barracks Reactor, Barracks Tech Lab  
  111  8:27  Armory, SCV x2  
  111  8:28  Marauder  
  115  8:37  Marine  
  115  8:38  Marauder  
  115  8:39  SCV, Bunker  
  115  8:40  Widow Mine  
  115  8:42  SCV  
  115  8:43  Marauder, Marine  
  119  8:49  Ghost Academy, Marine  
  119  8:53  Widow Mine  
  119  8:55  Marine  
  122  8:58  Marine  
  122  9:02  Widow Mine  
  126  9:04  Supply Depot, Refinery  
  126  9:05  Supply Depot, Refinery  
  126  9:09  Missile Turret  
  126  9:10  Marine  
  126  9:11  Marauder  
  126  9:14  Marauder, Marine  
  132  9:22  Marine  
  132  9:23  Marauder  
  135  9:27  Liberator  
  135  9:28  Marine  
  139  9:31  Marine  
  139  9:32  Marauder, Marine  
  139  9:36  Marauder  
  139  9:40  Marine  
  139  9:43  Widow Mine  
  139  9:44  Marine  
  141  9:45  Marine  
  141  9:47  Medivac  
  141  9:49  Marine  
  112  9:57  SCV  
  112  9:58  Widow Mine  
  112  9:59  SCV  
  117  10:04  Ghost x2, Widow Mine  
  117  10:05  Marine x3  
  119  10:08  SCV  
  119  10:09  SCV  
  119  10:10  Ghost  
  119  10:11  SCV, Marine  
  125  10:18  Bunker  
  125  10:19  Widow Mine  
  125  10:20  SCV  
  128  10:21  SCV  
  128  10:23  Command Center, Marine  
  128  10:24  Medivac  
  128  10:27  Medivac  
  134  10:32  Supply Depot  
  134  10:33  Marine x2  
  134  10:34  Marauder x2  
  134  10:35  Missile Turret, Marine  
  141  10:40  SCV  
  140  10:45  Marine  
  140  10:46  Marauder  
  140  10:47  SCV x2  
  140  10:51  Marine x2  
  140  10:52  SCV  
  140  10:53  Marine  
  140  10:54  Ghost, Marine  
  117  11:05  Widow Mine  
  117  11:07  Marauder  
  117  11:08  Marine  
  117  11:09  Marine  
  117  11:10  Medivac  
  112  11:13  Marauder  
  99  11:22  Widow Mine  
  99  11:23  Marauder  
  85  11:26  Marine x2  
  85  11:28  Marine  
  85  11:29  Widow Mine  
  86  11:34  Marine  
  86  11:38  SCV  
Tags
 
Add a new tag
Caveats
  • Supply blocks, unpowered buildings, or Contaminate may cause inaccurate times.
  • Supply counts are checked every 10 seconds.